[Event "SixDays Budapest March IM C 2025"]
[Site "Budapest"]
[Date "2025.03.26"]
[Round "5.1"]
[White "Arias Gaviria, Mario Alexis"]
[Black "Nemeth, Zoltan"]
[Result "1-0"]
[Annotator "TA"]
[ECO "D02"]
[WhiteElo "2284"]
[BlackElo "2188"]
[PlyCount "123"]
[EventDate "2025.03.23"]
[EventType "tourn"]
[EventCountry "HUN"]
[SourceTitle "playchess.com"]
[Source "ChessBase"]
[SourceQuality "1"]
[TimeControl "5400+30"]

1. Nf3 d5 2. d4 Nf6 3. g3 c6 4. Bg2 Bf5 5. O-O e6 6. b3 h6 {[%emt 0:00:28] D02: 1 d4 d5 2 Nf3 sidelines, including 2...Nf6 3 g3 and 2...Nf6 3 Bf4.} 7. a4 Nbd7 $146 ({Predecessor:} 7... a5 8. Bd2 Bd6 9. c3 Nbd7 10. Na3 e5 11. dxe5 Nxe5 12. Nd4 Bg6 13. Qc1 O-O {0-1 Ozgur,S (2157)-Javakhadze,Z (2415) TUR-chT2 Konya 2015 (2.11)}) 8. Ba3 Bxa3 {[%emt 0:00:30] Black is slightly better.} 9. Nxa3 Be4 10. Nd2 Bxg2 11. Kxg2 e5 12. dxe5 Nxe5 13. Nf3 (13. Re1 $11) 13... Nxf3 (13... Qe7 $15) 14. exf3 $11 O-O 15. Qd3 Re8 16. c3 Qe7 17. Rfe1 Qxe1 18. Rxe1 Rxe1 19. Nc2 Ree8 20. Ne3 Rad8 21. Nf5 c5 {[%emt 0:02:39] Inhibits Qd4.} 22. g4 Rd7 23. Qd2 {[%emt 0:02:05] [#]} (23. Kg3 $15) 23... d4 $1 $17 24. c4 (24. cxd4 cxd4) 24... Re6 25. Qd3 b6 26. Kf1 Ne8 27. Ng3 Rde7 28. Qd2 Nd6 29. h4 Kh7 (29... Nb7 $17 30. g5 Re1+ 31. Kg2 hxg5) 30. h5 (30. Nh5 $1 $15) 30... g6 31. Kg2 (31. a5) 31... Kg7 32. Kf1 g5 33. Kg2 Kg8 34. Kh2 ({White should try} 34. a5) 34... Rf6 35. Kg2 Re5 36. Ne2 (36. a5 $142) 36... Rfe6 37. Ng3 f5 38. gxf5 Nxf5 39. Nf1 $2 (39. Nxf5 $17 Rxf5 40. Qd3) 39... Nh4+ $19 40. Kg3 Rf6 41. Nh2 Kg7 (41... a5 $142 42. Qd1 Rfe6) 42. a5 Rf7 43. axb6 axb6 44. b4 Ref5 (44... Ree7 $17 45. bxc5 bxc5) 45. bxc5 $11 Nxf3 46. Qb2 {[%emt 0:00:21] The board is on fire.} bxc5 47. Ng4 Ne5 48. Nxe5 Rxe5 {[%emt 0:00:05][%mdl 4096] Endgame KQ-KRR} 49. Qb6 Ref5 50. Qg6+ Kf8 51. Qd6+ Ke8 52. Qe6+ Kd8 53. Qxh6 d3 {[%emt 0:03:01][%cal Od3d2] Threatens to win with ...d2!.} (53... Rxf2 54. Qb6+ (54. Qxg5+ Ke8 $16) 54... Ke8 55. Qb8+ (55. Qxc5 R7f3+ 56. Kg4 Rf4+ 57. Kg3 R4f3+ 58. Kg4 Rf4+ 59. Kg3 R4f3+ $11) 55... Ke7 56. Qe5+ Kf8 57. Qxc5+ (57. Qxg5 $2 R7f3+ 58. Kg4 Rg2+ 59. Kxf3 Rxg5 $19) 57... Kg8 58. Qxg5+ (58. Qxd4 $2 R7f3+ 59. Kg4 Rf4+ $19) 58... Kh7 59. Qg6+ Kh8 60. Qe4 $11) 54. Qb6+ (54. Qd6+ Rd7 55. Qg6 d2 56. Qxf5 d1=Q $19 (56... d1=B $2 57. h6 $18)) 54... Rc7 $2 (54... Ke7 $11 {and Black is okay.}) 55. h6 (55. Qb8+ $18 {is the precise move to win.} Kd7 56. Qb1) 55... Rff7 $16 {[%emt 0:01:41] [#]} 56. Qd6+ (56. Qb8+ $1 $16 Kd7 57. Qb1) 56... Rcd7 $11 57. Qb8+ Ke7 58. Qe5+ Kd8 (58... Kf8 59. Qh8+ (59. Qxg5 $2 {perishes.} d2 $19) (59. Qxc5+ Kg8 $11) 59... Ke7 60. h7 $16) 59. Qxg5+ Kc8 60. Qxc5+ Rc7 61. Qd5 Rfd7 $2 (61... Rcd7 $11 62. Qa8+ Kc7) 62. Qa8# {[%emt 0:00:08] Quite a comeback for White.   Weighted Error Value: White=0.26 (precise) /Black=0.37  Loses game:     	White=1     	Black=2      Mistake:       	White=8     	Black=4      Inaccurate:     	White=9     	Black=6      OK:         	White=17    	Black=10     Best:        	White=4     	Black=5      Brilliant:      	---       	Black=1} 1-0

[Event "SixDays Budapest March IM C 2025"]
[Site "Budapest"]
[Date "2025.03.26"]
[Round "5.2"]
[White "Balla, Tamas-Kristof"]
[Black "Bashirov, Kemal"]
[Result "1/2-1/2"]
[Annotator "TA"]
[ECO "A06"]
[WhiteElo "2320"]
[BlackElo "2336"]
[PlyCount "83"]
[EventDate "2025.03.23"]
[EventType "tourn"]
[EventCountry "HUN"]
[SourceTitle "playchess.com"]
[Source "ChessBase"]
[SourceQuality "1"]
[TimeControl "5400+30"]

1. Nf3 d5 2. b3 Nf6 3. Bb2 Bf5 4. d3 c5 5. e3 Nc6 6. Nbd2 {[%emt 0:00:12] A06: Réti Opening: 1 Nf3 d5.} h6 7. g3 Qd7 8. h3 O-O-O 9. Bg2 e6 $146 (9... g5 10. g4 Bg6 11. Ne5 Nxe5 12. Bxe5 Bg7 13. e4 Qe6 14. Bh2 dxe4 15. O-O exd3 {1-0 Jansen,M-De Jong,P NED moira corr 1985}) 10. g4 (10. O-O $142) 10... Bh7 11. Ne5 Nxe5 12. Bxe5 Bd6 13. f4 (13. Bb2 $11) 13... Ne8 (13... Bxe5 $15 14. fxe5 Ne8) 14. Qe2 f6 (14... Bxe5 $15 15. fxe5 Qe7) 15. Bb2 $11 Nc7 16. O-O-O Rhe8 17. Qf3 Qb5 18. e4 Qa6 19. Kb1 d4 20. Nc4 e5 21. f5 (21. h4 $142) 21... Bg8 22. a4 Qc6 23. Qe2 a6 24. a5 Nb5 25. Qd2 (25. Nxd6+ $15 {might be stronger.} Nxd6 (25... Rxd6 26. Qd2 $11) (25... Qxd6 26. Qd2 $11) 26. h4) 25... Bc7 26. Ka2 Rd7 27. Ra1 Bxc4 28. bxc4 Na7 29. Kb1 b6 ({Better is} 29... Qd6 $15) 30. axb6 Qxb6 31. Ra3 Nc6 32. Ka1 Bd8 33. Rb3 Nb4 34. Rb1 {[%emt 0:01:13] The position is equal.} Rb7 {[%emt 0:01:06][%cal Ob4c2] [#] ...Nxc2+! would now be deadly.} 35. Bc1 Be7 36. Bf3 Kd7 37. Bd1 Reb8 38. h4 Qa5+ 39. Ra3 Qc7 40. Rb2 Rb6 41. Qg2 Nc6 42. Qd2 {[%emt 0:02:25] Weighted Error Value: White=0.14 (very precise) /Black=0.13 (very precise)   Mistake:       	White=4     	Black=3      Inaccurate:     	White=5     	Black=3      OK:         	White=11    	Black=16     Best:        	White=2     	---} 1/2-1/2

[Event "SixDays Budapest March IM C 2025"]
[Site "Budapest"]
[Date "2025.03.26"]
[Round "5.3"]
[White "Szeberenyi, Adam"]
[Black "Mou, Iris"]
[Result "1-0"]
[Annotator "TA"]
[ECO "D37"]
[WhiteElo "2294"]
[BlackElo "2209"]
[PlyCount "119"]
[EventDate "2025.03.23"]
[EventType "tourn"]
[EventCountry "HUN"]
[SourceTitle "playchess.com"]
[Source "ChessBase"]
[SourceQuality "1"]
[TimeControl "5400+30"]

1. d4 d5 2. c4 e6 3. Nf3 Nf6 4. Nc3 dxc4 5. a4 Bb4 6. e3 {[%emt 0:00:51] D24: Queen's Gambit Accepted: 3 Nf3 Nf6 4 Nc3.} b6 7. Bxc4 Bb7 8. O-O {[%emt 0:00:31] The position is equal.} a6 9. Qe2 (9. Qb3 $5 a5 10. Ne5 $14) 9... O-O 10. Rd1 Qe7 11. Bd3 {[%emt 0:06:30] 11.Bd3 is better than 11.Na2.} c5 12. e4 cxd4 13. Nxd4 Rd8 $146 (13... Bc5 14. Nb3 Nfd7 15. Bf4 Nc6 16. e5 Nb4 17. Be4 Rfb8 18. Bxb7 Rxb7 19. Qe4 Rab8 {1-0 Costachi,M (2461)-Kobo,O (2542) Miercurea Ciuc GP RO Stage 3 2022 (9)}) 14. e5 Rxd4 15. exf6 Qxf6 16. Be3 Rh4 {[%emt 0:10:36] Black is on the road to losing.} (16... Rd7 $1 $11 {and Black is okay.}) 17. g3 $1 $18 {[%emt 0:03:27][%mdl 1024] White has strong compensation.} Bf3 18. Qc2 Rh5 $2 (18... Bxd1 $2 19. Rxd1 Rh5 20. Be2 $18) (18... Rxh2 19. Kxh2 g5 20. Bxh7+ Kg7) 19. Ne4 Qe7 {[%emt 0:05:42] [#]} 20. Be2 Bxe2 {[%emt 0:07:05] [#]} 21. Qc8+ $1 ({Less strong is} 21. Qxe2 Rd5 $11) 21... Qf8 22. Rd8 Bf3 23. Rxf8+ Bxf8 24. Ng5 Rxg5 25. Bxg5 a5 26. Be3 Na6 27. Qc3 Bd5 (27... Bb4 {was worth a try.} 28. Qd3 Bc6 29. Bxb6 Bf8 30. Bxa5 Nc5) 28. Bxb6 Nb4 29. Bc5 {[%emt 0:00:37] Prevents Be7} Bxc5 30. Qxc5 h6 31. Rd1 Kh7 32. Qe7 Kg8 33. Rc1 Na6 34. Qd7 {[%emt 0:00:26] Rc8+ is the strong threat.} Nb4 35. Rc7 Rf8 36. Rc5 Kh7 37. Qe7 Kg8 38. Qd7 Kh7 $1 39. Kf1 Kg8 40. Ke2 Kh7 41. Rxa5 Rb8 {[%emt 0:00:42] [#]} 42. Rxd5 $1 Nxd5 43. Qxf7 Rxb2+ {[%emt 0:00:05][%mdl 4096] Endgame KQ-KRN} 44. Kf3 Rb6 45. Qa7 Rb3+ 46. Kg2 Ra3 47. a5 Ra2 48. a6 Nb4 49. Qb7 Rxa6 50. Qxb4 {[%emt 0:00:04] KQ-KR} Kg8 51. Qb5 Ra8 52. Qc6 Rf8 53. Qxe6+ Kh7 54. Qe4+ Kg8 55. h4 Rf6 56. Qe8+ (56. Qe7 $142 Rf8 57. g4 Rf4 58. Qe6+ Kh7 59. g5 Rf8 60. Qe4+ Kg8 61. Qg6) 56... Rf8 57. Qe6+ Kh7 58. h5 {[%emt 0:00:17] White mates.} Kh8 59. f4 Kh7 60. Kf3 {[%emt 0:00:48] Weighted Error Value: White=0.08 (flawless) /Black=0.38  Mistake:       	---       	Black=3      Inaccurate:     	---       	Black=1      OK:         	White=16    	Black=9      Best:        	White=3     	Black=3      Strong:       	White=2     	---} 1-0

[Event "SixDays Budapest March IM C 2025"]
[Site "Budapest"]
[Date "2025.03.26"]
[Round "5.4"]
[White "Steiners, Emils"]
[Black "Georgiadis, Anastasios"]
[Result "1-0"]
[Annotator "RC"]
[ECO "E47"]
[WhiteElo "2165"]
[BlackElo "2229"]
[PlyCount "139"]
[EventDate "2025.03.23"]
[EventType "tourn"]
[EventCountry "HUN"]
[SourceTitle "playchess.com"]
[Source "ChessBase"]
[SourceQuality "1"]
[TimeControl "5400+30"]

1. d4 Nf6 2. c4 e6 3. Nc3 Bb4 4. e3 O-O 5. Bd3 Re8 6. Nge2 d5 7. a3 Bf8 8. O-O b6 9. cxd5 exd5 10. b4 Bb7 11. Qc2 Nbd7 12. Bb2 a6 13. Qb3 Bd6 14. Ng3 Rb8 15. Qc2 Bf8 16. Na4 g6 17. Rfe1 Ne4 18. Nh1 Bg7 19. f3 Nd6 20. e4 dxe4 21. fxe4 Nb5 22. e5 Nf8 23. Rad1 Bd5 24. Bxb5 axb5 25. Nc3 Qd7 26. Qe2 c6 27. Nf2 Ne6 28. Qe3 Rbd8 29. Nce4 Bxe4 30. Nxe4 Nc7 31. Qf3 Nd5 32. Bc1 h6 33. h4 Re6 34. h5 gxh5 35. Rf1 Rg6 36. Qxh5 Qg4 37. Qxg4 Rxg4 38. Nd6 Rxd6 39. exd6 Bxd4+ 40. Kh2 Be5+ 41. g3 Bxd6 42. Rf3 h5 43. Kh3 Kg7 44. Be3 Bc7 45. Rdf1 Kg6 46. Bf2 f5 47. Rc1 Rc4 48. Re1 f4 49. Re6+ Kf5 50. Re8 Be5 51. gxf4 Ke4 52. Re3+ Nxe3 53. Rxe5+ Kxf4 54. Rxe3 Rc2 55. Bg1 c5 56. Rb3 c4 57. Rg3 Rb2 58. Bxb6 Rb3 59. Rxb3 cxb3 60. Bd4 Ke4 61. Bb2 Kd3 62. a4 bxa4 63. b5 Kc2 64. Ba3 b2 65. Bxb2 Kxb2 66. b6 a3 67. b7 a2 68. b8=Q+ Ka1 69. Qb3 h4 70. Kg4 1-0

[Event "SixDays Budapest March IM C 2025"]
[Site "Budapest"]
[Date "2025.03.26"]
[Round "5.5"]
[White "Sanjay Narayanan P S"]
[Black "Lau, Lut Yin Luke"]
[Result "0-1"]
[Annotator "TA"]
[ECO "C55"]
[WhiteElo "2169"]
[BlackElo "2240"]
[PlyCount "84"]
[EventDate "2025.03.23"]
[EventType "tourn"]
[EventCountry "HUN"]
[SourceTitle "playchess.com"]
[Source "ChessBase"]
[SourceQuality "1"]
[TimeControl "5400+30"]

1. e4 e5 2. Nf3 Nc6 3. d4 exd4 4. Bc4 Nf6 5. e5 d5 6. Bb5 Nd7 7. O-O Be7 8. Bxc6 bxc6 9. Nxd4 {[%emt 0:00:12] C56: Two Knights: 4 d4 exd4 5 0-0 Nxe4.} Nb8 10. Nc3 $1 O-O 11. Nde2 {[%emt 0:07:34] White has an edge.} Bb7 $146 ({Predecessor:} 11... Re8 12. Ng3 Bc5 13. Na4 Bf8 14. f4 f6 15. exf6 Qxf6 16. f5 Ba6 17. Rf2 Nd7 {0-1 Sanjay Narayanan,P (1771)-Subhayan,K (2403) Udaipur Kingdom of Chess op 1st 2024 (3)}) 12. Ng3 Re8 13. Qh5 Nd7 14. Bf4 Bf8 15. Rfe1 g6 {[%emt 0:06:09] Dodges Nf5} 16. Qg4 Bg7 (16... Qe7 $15) 17. e6 {[%emt 0:04:50] [#]} (17. Bg5 $11 {was the only way to keep the balance.} Qc8 18. f4) 17... fxe6 (17... f5 $1 $17 18. Qe2 Nc5) 18. Rxe6 $11 Nf6 19. Qe2 Qd7 20. Re1 c5 21. Nb5 $1 Ba6 $1 22. c4 Bxb5 23. cxb5 Kf7 (23... c4 $15) 24. Re3 $1 Ng4 25. Rxe8 Rxe8 {[%emt 0:00:05] Successful Defense Black} 26. Qxe8+ Qxe8 27. Rxe8 Kxe8 28. Bxc7 Bxb2 {[%emt 0:02:18][%mdl 4096] Endgame KBN-KBN} 29. Bb8 Bd4 30. Bxa7 Kd7 31. Kf1 ({White should play} 31. Ne2 $11 Bxf2+ 32. Kf1) 31... Kc7 {[%emt 0:05:24] Black is more active.} (31... Bxf2 $6 32. a4 $14) (31... Nxf2 32. Ne2 Be3 33. Nc3 $16) (31... Nxh2+ $15 32. Ke1 Ng4) 32. Ne2 Kb7 $1 33. Nxd4 Kxa7 {[%emt 0:00:01] KN-KN. White is a pawn up.} 34. Nc6+ Kb6 35. Ne7 d4 {[%emt 0:01:44][%mdl 1024] Black has compensation.} 36. a4 c4 {[%emt 0:01:12][%cal Ob6c5] With the idea ...Kc5!.} 37. Ke2 $2 (37. Nc6 $11 {and White stays safe.}) 37... d3+ 38. Kf3 $2 {[%emt 0:01:09] [#] Now White is beyond hope.} (38. Kd2 $17 Kc5 39. b6 Kxb6 40. Nd5+ Kc5 41. Nc3) 38... Kc5 $1 $19 39. b6 Kxb6 {[%emt 0:02:21][%cal Ob6c5] Hoping for ...Kc5!.} 40. Ke4 $2 (40. Kxg4 $2 {is the wrong capture.} d2 41. Nd5+ Kc5 $19) (40. h3 Nf6 41. Ke3) 40... d2 {[%emt 0:00:28] Black is clearly winning.} (40... Nxh2 41. Kd4 Ka5 (41... d2 42. Nd5+ Ka5 43. Nc3 $11) 42. Nd5 $15) 41. Nd5+ Kc5 42. Nc3 Nxf2+ {[%emt 0:00:11] Weighted Error Value: White=0.41/Black=0.32  Loses game:     	White=2     	---        Mistake:       	White=3     	Black=4      Inaccurate:     	White=2     	Black=2      OK:         	White=8     	Black=8      Best:        	White=5     	Black=3      Strong:       	White=3     	Black=3} 0-1